| TOP OF THE 1ST |
|
Williamsport Crosscutters batting - Pitching for Los Angeles (NYP) Dodgers : RHP Guy Jerome
|
|
Pitching: RHP Guy Jerome
|
|
|
Batting: RHB Eddie Serna
|
0-0: Foul Ball, location: 2F 0-1: Foul Ball, location: 2F 0-2: Ball 1-2: Strikes out swinging
|
|
Batting: LHB Ryan Young
|
0-0: Called Strike 0-1: Ground out 4-3 (Groundball, 34D, EV 104.4 MPH)
|
|
Batting: LHB Rich Kuehne
|
0-0: Called Strike 0-1: Ball 1-1: Foul Ball, location: 2F 1-2: Ball 2-2: Ball 3-2: SINGLE (Groundball, 4MD, EV 98.8 MPH)
|
|
Batting: LHB Jean-Claude Vanbiesbrouck
|
0-0: Ball 1-0: Ball 2-0: Foul Ball, location: 2F 2-1: Ground out 4-3 (Groundball, 34D, EV 81.9 MPH)
|
| Top of the 1st over - 0 runs, 1 hit, 0 errors, 1 left on base; Williamsport 0 - Los Angeles (NYP) 0 |
| BOTTOM OF THE 1ST |
|
Los Angeles (NYP) Dodgers batting - Pitching for Williamsport Crosscutters : LHP Chad Mroczkowski
|
|
Pitching: LHP Chad Mroczkowski
|
|
|
Batting: RHB Perry Dominey
|
0-0: Ball 1-0: Foul Ball, location: 2F 1-1: Ball 2-1: Ball 3-1: Foul Ball, location: 2F 3-2: Foul Ball, location: 2F 3-2: Base on Balls
|
|
Batting: SHB Dave Reynoso
|
0-0: DOUBLE (Line Drive, 78XD, EV 106.9 MPH) Perry Dominey to third
|
|
Batting: RHB Jose Corral
|
0-0: Ball 1-0: Called Strike 1-1: Fly out, F9 (Flyball, 89D, EV 99.4 MPH) Runner from 3rd tags up, SCORES, no throw by RF Dave Reynoso to third
|
|
Batting: SHB Guy Jerome
|
0-0: Called Strike 0-1: Ball 1-1: Foul Ball, location: 2F 1-2: Ground out 4-3 (Groundball, 4MS, EV 70.0 MPH)
|
|
Batting: RHB Zach Slot
|
0-0: Ball 1-0: Swinging Strike 1-1: DOUBLE (Flyball, 8RXD, EV 113.1 MPH) Dave Reynoso scores
|
|
Batting: RHB Cory Bonham
|
0-0: Fly out, F8 (Flyball, 8RM, EV 98.1 MPH)
|
| Bottom of the 1st over - 2 runs, 2 hits, 0 errors, 1 left on base; Williamsport 0 - Los Angeles (NYP) 2 |
| TOP OF THE 2ND |
|
Williamsport Crosscutters batting - Pitching for Los Angeles (NYP) Dodgers : RHP Guy Jerome
|
|
Batting: LHB Jason Duda
|
0-0: Fly out, F9 (Flyball, 89S, EV 92.5 MPH)
|
|
Batting: RHB Frank Ramirez
|
0-0: Called Strike 0-1: Ball 1-1: Foul Ball, location: 2F 1-2: Strikes out swinging
|
|
Batting: LHB Dennis French
|
0-0: Ball 1-0: SINGLE (Flyball, 5D, EV 92.5 MPH)
|
|
Batting: LHB Bryant Dill
|
0-0: Called Strike 0-1: Swinging Strike 0-2: Strikes out looking
|
| Top of the 2nd over - 0 runs, 1 hit, 0 errors, 1 left on base; Williamsport 0 - Los Angeles (NYP) 2 |
| BOTTOM OF THE 2ND |
|
Los Angeles (NYP) Dodgers batting - Pitching for Williamsport Crosscutters : LHP Chad Mroczkowski
|
|
Batting: RHB Frank Elizondo
|
0-0: Swinging Strike 0-1: Ball 1-1: Ball 2-1: Fly out, F9 (Line Drive, 9S, EV 100.6 MPH)
|
|
Batting: RHB Justin Van Houten
|
0-0: Swinging Strike 0-1: Ball 1-1: Foul Ball, location: 2F 1-2: Strikes out swinging
|
|
Batting: RHB Chris Graham
|
0-0: Called Strike 0-1: Foul Ball, location: 2F 0-2: Ball 1-2: Strikes out swinging
|
| Bottom of the 2nd over - 0 runs, 0 hits, 0 errors, 0 left on base; Williamsport 0 - Los Angeles (NYP) 2 |
| TOP OF THE 3RD |
|
Williamsport Crosscutters batting - Pitching for Los Angeles (NYP) Dodgers : RHP Guy Jerome
|
|
Batting: RHB Teh-huai Jiang
|
0-0: Ground out 6-3 (Groundball, 6, EV 108.8 MPH)
|
|
Batting: RHB Eddie Serna
|
0-0: Ball 1-0: Swinging Strike 1-1: Foul Ball, location: 2F 1-2: Strikes out looking
|
|
Batting: LHB Ryan Young
|
0-0: Ball 1-0: Called Strike 1-1: Ground out 4-3 (Groundball, 34D, EV 92.5 MPH)
|
| Top of the 3rd over - 0 runs, 0 hits, 0 errors, 0 left on base; Williamsport 0 - Los Angeles (NYP) 2 |
| BOTTOM OF THE 3RD |
|
Los Angeles (NYP) Dodgers batting - Pitching for Williamsport Crosscutters : LHP Chad Mroczkowski
|
|
Batting: RHB Perry Dominey
|
0-0: Ball 1-0: Swinging Strike 1-1: Bunt missed! 1-2: Fly out, F7 (Flyball, 78D, EV 88.8 MPH)
|
|
Batting: SHB Dave Reynoso
|
0-0: Foul Ball, location: 2F 0-1: Ball 1-1: Foul Ball, location: 2F 1-2: Ball 2-2: Strikes out swinging
|
|
Batting: RHB Jose Corral
|
0-0: Ball 1-0: Ball 2-0: Ball 3-0: Base on Balls
|
|
Batting: SHB Guy Jerome
|
0-0: Ball 1-0: Ball 2-0: Foul Ball, location: 2F 2-1: Ball 3-1: Base on Balls Jose Corral to second
|
|
Batting: RHB Zach Slot
|
0-0: Ball 1-0: Ball 2-0: Ball 3-0: Base on Balls Jose Corral to third Guy Jerome to second
|
|
Batting: RHB Cory Bonham
|
0-0: Swinging Strike 0-1: Ball 1-1: Ball 2-1: Fly out, F8 (Flyball, 8RD, EV 106.9 MPH)
|
| Bottom of the 3rd over - 0 runs, 0 hits, 0 errors, 3 left on base; Williamsport 0 - Los Angeles (NYP) 2 |
| TOP OF THE 4TH |
|
Williamsport Crosscutters batting - Pitching for Los Angeles (NYP) Dodgers : RHP Guy Jerome
|
|
Batting: LHB Rich Kuehne
|
0-0: Ball 1-0: Foul Ball, location: 2F 1-1: Ball 2-1: Ball 3-1: Base on Balls
|
|
Batting: LHB Jean-Claude Vanbiesbrouck
|
0-0: Foul Ball, location: 2F 0-1: Ball 1-1: Swinging Strike 1-2: Ball 2-2: Ball 3-2: Foul Ball, location: 2F 3-2: Fly out, F8 (Flyball, 89M, EV 78.8 MPH)
|
|
Batting: LHB Jason Duda
|
0-0: Called Strike 0-1: Called Strike 0-2: Ball 1-2: Ball 2-2: Ball 3-2: Strikes out swinging Rich Kuehne steals 2nd base Batter strikes out.
|
|
Batting: RHB Frank Ramirez
|
0-0: Ball 1-0: Foul Ball, location: 2F 1-1: Called Strike 1-2: Fly out, F7 (Flyball, 7LD, EV 110.6 MPH)
|
| Top of the 4th over - 0 runs, 0 hits, 0 errors, 1 left on base; Williamsport 0 - Los Angeles (NYP) 2 |
| BOTTOM OF THE 4TH |
|
Los Angeles (NYP) Dodgers batting - Pitching for Williamsport Crosscutters : LHP Chad Mroczkowski
|
|
Batting: RHB Frank Elizondo
|
0-0: Foul Ball, location: 2F 0-1: Ball 1-1: Called Strike 1-2: Foul Ball, location: 2F 1-2: Fly out, F8 (Flyball, 8LXD, EV 95.6 MPH)
|
|
Batting: RHB Justin Van Houten
|
0-0: Ball 1-0: Fly out, F9 (Flyball, 9, EV 95.0 MPH)
|
|
Batting: RHB Chris Graham
|
0-0: TRIPLE (Flyball, 89XD, EV 106.2 MPH)
|
|
Batting: RHB Perry Dominey
|
0-0: Ground out 6-3 (Groundball, 56, EV 83.1 MPH)
|
| Bottom of the 4th over - 0 runs, 1 hit, 0 errors, 1 left on base; Williamsport 0 - Los Angeles (NYP) 2 |
| TOP OF THE 5TH |
|
Williamsport Crosscutters batting - Pitching for Los Angeles (NYP) Dodgers : RHP Guy Jerome
|
|
Batting: LHB Dennis French
|
0-0: Called Strike 0-1: Foul Ball, location: 2F 0-2: Strikes out looking
|
|
Batting: LHB Bryant Dill
|
0-0: Ball 1-0: Called Strike 1-1: Swinging Strike 1-2: Foul Ball, location: 2F 1-2: Strikes out looking
|
|
Batting: RHB Teh-huai Jiang
|
0-0: Ball 1-0: Fly out, F9 (Flyball, 89S, EV 91.9 MPH)
|
| Top of the 5th over - 0 runs, 0 hits, 0 errors, 0 left on base; Williamsport 0 - Los Angeles (NYP) 2 |
| BOTTOM OF THE 5TH |
|
Los Angeles (NYP) Dodgers batting - Pitching for Williamsport Crosscutters : LHP Chad Mroczkowski
|
|
Batting: SHB Dave Reynoso
|
0-0: Called Strike 0-1: Fly out, F7 (Flyball, 78S, EV 97.5 MPH)
|
|
Batting: RHB Jose Corral
|
0-0: Called Strike 0-1: Ball 1-1: Ball 2-1: Ground out 5-3 (Groundball, 5, EV 86.9 MPH)
|
|
Batting: SHB Guy Jerome
|
0-0: Ball 1-0: Called Strike 1-1: Ground out 6-3 (Groundball, 56, EV 104.4 MPH)
|
| Bottom of the 5th over - 0 runs, 0 hits, 0 errors, 0 left on base; Williamsport 0 - Los Angeles (NYP) 2 |
| TOP OF THE 6TH |
|
Williamsport Crosscutters batting - Pitching for Los Angeles (NYP) Dodgers : RHP Guy Jerome
|
|
Batting: RHB Eddie Serna
|
0-0: Ball 1-0: Fly out, F9 (Flyball, 9D, EV 101.2 MPH)
|
|
Batting: LHB Ryan Young
|
0-0: Ball 1-0: Called Strike 1-1: Called Strike 1-2: SINGLE (Groundball, 34D, EV 100.6 MPH)
|
|
Batting: LHB Rich Kuehne
|
0-0: Called Strike Ryan Young steals 2nd base 0-1: Called Strike 0-2: Ball 1-2: Ball 2-2: Ball 3-2: Base on Balls
|
|
Pitching: RHP Alfredo Sanchez
|
|
|
Batting: LHB Jean-Claude Vanbiesbrouck
|
0-0: Swinging Strike 0-1: Ball Wild Pitch! Ryan Young to third Rich Kuehne to second 1-1: Ball 2-1: Foul Ball, location: 2F 2-2: Ball 3-2: Strikes out swinging
|
|
Batting: LHB Jason Duda
|
0-0: Called Strike 0-1: Reached on error, E3 (Groundball, 34S, EV 85.6 MPH) Ryan Young scores Rich Kuehne to third
|
|
Batting: RHB Frank Ramirez
|
0-0: Ball 1-0: Fly out, F9 (Flyball, 9D, EV 101.2 MPH)
|
| Top of the 6th over - 1 run, 1 hit, 1 error, 2 left on base; Williamsport 1 - Los Angeles (NYP) 2 |
| BOTTOM OF THE 6TH |
|
Los Angeles (NYP) Dodgers batting - Pitching for Williamsport Crosscutters : LHP Chad Mroczkowski
|
|
Pitching: RHP Travis Hahn
|
|
|
Batting: RHB Zach Slot
|
0-0: Swinging Strike 0-1: Ball 1-1: Ball 2-1: Ground out 5-3 (Groundball, 56, EV 78.8 MPH)
|
|
Batting: RHB Cory Bonham
|
0-0: Called Strike 0-1: Ball 1-1: Ball 2-1: Ball 3-1: Ground out 6-3 (Groundball, 6, EV 90.0 MPH)
|
|
Batting: RHB Frank Elizondo
|
0-0: Swinging Strike 0-1: Hit by Pitch
|
|
Batting: RHB Justin Van Houten
|
0-0: Called Strike 0-1: Ball 1-1: Ball 2-1: Ball 3-1: Foul Ball, location: 2F 3-2: Strikes out swinging
|
| Bottom of the 6th over - 0 runs, 0 hits, 0 errors, 1 left on base; Williamsport 1 - Los Angeles (NYP) 2 |
| TOP OF THE 7TH |
|
Williamsport Crosscutters batting - Pitching for Los Angeles (NYP) Dodgers : RHP Alfredo Sanchez
|
|
Batting: LHB Dennis French
|
0-0: Called Strike 0-1: Foul Ball, location: 2F 0-2: SINGLE (Groundball, 4MS, EV 70.6 MPH) (infield hit)
|
|
Batting: LHB Bryant Dill
|
0-0: Ball 1-0: Called Strike 1-1: SINGLE (Groundball, 34D, EV 107.5 MPH) Dennis French to second Runner from 2nd tries for 3rd, SAFE, no throw by RF
|
|
Batting: RHB Teh-huai Jiang
|
0-0: SINGLE (Flyball, 8RS, EV 88.8 MPH) Dennis French scores Bryant Dill to second
|
|
Batting: RHB Eddie Serna
|
0-0: Foul Ball, location: 2F 0-1: Ball 1-1: Fly out, F7 (Line Drive, 7, EV 89.4 MPH)
|
|
Batting: LHB Ryan Young
|
0-0: Ball 1-0: SINGLE (Groundball, 6M, EV 101.9 MPH) Bryant Dill to third Teh-huai Jiang to second Runner from 3rd tries for Home, SAFE, throw by CF to home
|
|
Batting: LHB Rich Kuehne
|
0-0: Ball 1-0: Hit by Pitch Teh-huai Jiang to third Ryan Young to second
|
|
Batting: LHB Jean-Claude Vanbiesbrouck
|
0-0: Ball 1-0: Ball 2-0: DOUBLE (Line Drive, 89M, EV 92.5 MPH) Teh-huai Jiang scores Ryan Young scores Rich Kuehne to third
|
|
Batting: LHB Jason Duda
|
0-0: Intentional Walk
|
|
Pitching: RHP Jeff Lewis
|
|
|
Batting: RHB Frank Ramirez
|
0-0: Called Strike 0-1: Ball 1-1: Called Strike 1-2: Strikes out looking
|
|
Batting: LHB Dennis French
|
0-0: Called Strike 0-1: Ball 1-1: Swinging Strike 1-2: Fly out, F9 (Flyball, 9D, EV 107.5 MPH)
|
| Top of the 7th over - 4 runs, 5 hits, 0 errors, 3 left on base; Williamsport 5 - Los Angeles (NYP) 2 |
| BOTTOM OF THE 7TH |
|
Los Angeles (NYP) Dodgers batting - Pitching for Williamsport Crosscutters : RHP Travis Hahn
|
|
Pinch Hitting: LHB Conor Bailey
|
0-0: Swinging Strike 0-1: Ball 1-1: Ball 2-1: Ball 3-1: Swinging Strike 3-2: Foul Ball, location: 2F 3-2: Foul Ball, location: 2F 3-2: Base on Balls
|
|
Batting: RHB Perry Dominey
|
0-0: Ball 1-0: Ball 2-0: Bunt missed! 2-1: Bunt missed! 2-2: Foul Ball, location: 2F 2-2: Foul Ball, location: 2F 2-2: 2-RUN HOME RUN (Flyball, 78XD, EV 103.8 MPH), Distance : 429 ft
|
|
Batting: SHB Dave Reynoso
|
0-0: Ball 1-0: DOUBLE (Line Drive, 7LM, EV 110.6 MPH)
|
|
Batting: RHB Jose Corral
|
0-0: Called Strike 0-1: Ball 1-1: SINGLE (Line Drive, 9LS, EV 90.6 MPH) Dave Reynoso to third Runner from 3rd tries for Home, SAFE, throw by RF to home
|
|
Pitching: RHP Tim Starks
|
|
|
Batting: SHB Guy Jerome
|
0-0: Foul Ball, location: 2F 0-1: Ball 1-1: Ball 2-1: Ball 3-1: Foul Ball, location: 2F 3-2: Fly out, F5 (Line Drive, 5L, EV 71.9 MPH)
|
|
Batting: RHB Zach Slot
|
0-0: Ball 1-0: Called Strike 1-1: SINGLE (Groundball, 56D, EV 95.0 MPH) Jose Corral to second
|
|
Pinch Hitting: LHB Randy Stapleton
|
0-0: Called Strike 0-1: Ball 1-1: Ball 2-1: Fielders Choice at 2nd, 4-6 (Groundball, 4S, EV 90.0 MPH) Jose Corral to third
|
|
Batting: RHB Frank Elizondo
|
0-0: Called Strike 0-1: Swinging Strike 0-2: Ball 1-2: Foul Ball, location: 2F 1-2: Strikes out looking
|
| Bottom of the 7th over - 3 runs, 4 hits, 0 errors, 2 left on base; Williamsport 5 - Los Angeles (NYP) 5 |
| TOP OF THE 8TH |
|
Williamsport Crosscutters batting - Pitching for Los Angeles (NYP) Dodgers : RHP Jeff Lewis
|
|
Now at 2B: Marcos Cortez
|
|
|
Now at SS: Areda Obote
|
|
|
Batting: LHB Bryant Dill
|
0-0: Ball 1-0: Ball 2-0: Called Strike 2-1: Called Strike 2-2: Strikes out swinging
|
|
Batting: RHB Teh-huai Jiang
|
0-0: Foul Ball, location: 2F 0-1: Ball 1-1: Foul Ball, location: 2F 1-2: Ground out 6-3 (Groundball, 6, EV 85.6 MPH)
|
|
Batting: RHB Eddie Serna
|
0-0: Ground out 3-1 (Groundball, 13, EV 88.8 MPH)
|
| Top of the 8th over - 0 runs, 0 hits, 0 errors, 0 left on base; Williamsport 5 - Los Angeles (NYP) 5 |
| BOTTOM OF THE 8TH |
|
Los Angeles (NYP) Dodgers batting - Pitching for Williamsport Crosscutters : RHP Tim Starks
|
|
Batting: RHB Justin Van Houten
|
0-0: Called Strike 0-1: Swinging Strike 0-2: DOUBLE (Flyball, 8RXD, EV 106.9 MPH)
|
|
Batting: SHB Marcos Cortez
|
0-0: Called Strike 0-1: Hit by Pitch
|
|
Batting: RHB Perry Dominey
|
0-0: Bunted foul 0-1: Bunted foul 0-2: Ball 1-2: Ball 2-2: Ball 3-2: Foul Ball, location: 2F 3-2: Fly out, F9 (Flyball, 89M, EV 94.4 MPH)
|
|
Batting: SHB Dave Reynoso
|
0-0: Ground out U3 (Groundball, 34, EV 83.8 MPH) Justin Van Houten to third Marcos Cortez to second
|
|
Batting: RHB Jose Corral
|
0-0: Called Strike 0-1: Foul Ball, location: 2F 0-2: Ball 1-2: Foul Ball, location: 2F 1-2: Ball 2-2: Ball Wild Pitch! Justin Van Houten scores Marcos Cortez to third 3-2: Strikes out swinging
|
| Bottom of the 8th over - 1 run, 1 hit, 0 errors, 1 left on base; Williamsport 5 - Los Angeles (NYP) 6 |
| TOP OF THE 9TH |
|
Williamsport Crosscutters batting - Pitching for Los Angeles (NYP) Dodgers : RHP Jeff Lewis
|
|
Pitching: LHP Randy Dupuis
|
|
|
Now at 1B: Carlos Manriquez
|
|
|
Batting: LHB Ryan Young
|
0-0: Ball 1-0: Ball 2-0: Ball 3-0: Base on Balls
|
|
Batting: LHB Rich Kuehne
|
0-0: Called Strike 0-1: Foul Ball, location: 2F 0-2: Ball 1-2: Grounds into double play, 6-4-3 (Groundball, 6, EV 91.9 MPH)
|
|
Batting: LHB Jean-Claude Vanbiesbrouck
|
0-0: SINGLE (Line Drive, 6D, EV 102.5 MPH)
|
|
Batting: LHB Jason Duda
|
0-0: Called Strike 0-1: Fielders Choice at 2nd, 6-4 (Groundball, 6, EV 111.2 MPH)
|
| Top of the 9th over - 0 runs, 1 hit, 0 errors, 1 left on base; Williamsport 5 - Los Angeles (NYP) 6 |
|